 Dungeon Sprint DCSS version 0.23-a0-321-g6bcb69f (webtiles) character file.

60 emperorscorpion the Chucker (level 4, 0/23 HPs)
             Began as a Vine Stalker Hunter on Oct 16, 2018.
             Slain by a centaur (1 damage)
             ... in the Dungeon (Sprint IX: "|||||||||||||||||||||||||||||").
             The game lasted 00:00:19 (60 turns).

emperorscorpion the Chucker (Vine Stalker Hunter)     Turns: 60, Time: 00:00:20

Health: 0/23       AC:  3    Str: 14    XL:     4   Next: 6%
Magic:  0/5        EV: 13    Int: 11    God:
Gold:   0          SH:  0    Dex: 16    Spells: 3/3 levels left

rFire    . . .     SeeInvis .   a - +0 short sword
rCold    . . .     Gourm    .   (no shield)
rNeg     . . .     Faith    .   b - +0 leather armour
rPois    .         Spirit   +   (no helmet)
rElec    .         Reflect  .   (no cloak)
rCorr    .         Harm     .   (no gloves)
MR       .....     NoTele   +   (no boots)
Stlth    ++........             (no amulet)
HPRegen  0.47/turn              (no ring)
MPRegen  0.09/turn              (no ring)

@: berserk cooldown, slowed, very slow
A: fangs 2, regeneration 1, magic shield, antimagic bite, no potion heal 3, rot
immunity
a: no special abilities


You were in the Dungeon.
You were not hungry.

You visited 1 branch

Inventory:

Hand Weapons
 a - a +0 short sword (weapon)
Missiles
 c - 6 javelins (quivered)
 d - 2 throwing nets
Armour
 b - a +0 leather armour (worn)
Scrolls
 k - a scroll of blinking
Potions
 e - a potion of curing
 g - a potion of heal wounds
 h - a potion of haste
 i - 2 potions of magic
Comestibles
 f - a ration


   Skills:
 + Level 2.4 Fighting
 + Level 2.0 Short Blades
 + Level 6.7 Throwing
 + Level 0.5 Armour
 + Level 2.5 Dodging
 + Level 1.3 Stealth


You had 3 spell levels left.
You didn't know any spells.
Your spell library was empty.

Dungeon Overview and Level Annotations

Branches:
Dungeon (1/1)

Altars:


Innate Abilities, Weirdness & Mutations

You have extremely sharp teeth.
Your natural rate of healing is unusually fast.
When hurt, damage is shared between your health and your magic reserves.
Your bite disrupts and absorbs the magic of your enemies.
Potions cannot restore your health.
You are immune to rotting.


Message History

You hit the centaur. You bite the centaur. You drain its power.
You feel invigorated.
The centaur is severely wounded.
The centaur closely misses you. The centaur misses you.
You hit the centaur but do no damage.
The centaur is severely wounded.
The centaur barely misses you. x2
You hit the centaur but do no damage. You bite the centaur, but do no damage.
The centaur is severely wounded.
The centaur misses you. The centaur closely misses you.
You hit the centaur but do no damage.
The centaur is severely wounded.
The centaur barely misses you. The centaur hits you.
* * * LOW HITPOINT WARNING * * *
You hit the centaur.
The centaur is almost dead.
The centaur hits you.
* * * LOW HITPOINT WARNING * * *
The centaur hits you.
You die... ▓▓▓▓▓▓▓▓▓▓▓▓▓▓▓▓▓▓ ▓<...'††...'(@c..+ ▓▓▓▓▓▓▓▓▓▓▓▓▓▓▓▓▓▓

You could see a centaur.

Vanquished Creatures
  An iguana (D)
  A worker ant (D)
  An adder zombie (D)
  2 bats (D)
  2 hobgoblins (D)
  A quokka skeleton (D)
  A rat (D)
9 creatures vanquished.

Notes
Turn   | Place    | Note
-------+----------+-------------------------------------------
     0 | D        | emperorscorpion the Vine Stalker Hunter began the quest for
                  | the Orb.
     0 | D        | Reached XP level 1. HP: 11/11 MP: 2/2
    15 | D        | Reached skill level 4 in Throwing
    30 | D        | Noticed a worker ant
    30 | D        | Noticed an iguana
    30 | D        | Noticed a centaur
    32 | D        | Reached XP level 2. HP: 12/15 MP: 3/3
    41 | D        | Reached skill level 5 in Throwing
    43 | D        | Reached skill level 1 in Short Blades
    43 | D        | Reached skill level 6 in Throwing
    43 | D        | Reached XP level 3. HP: 18/18 MP: 4/4
    46 | D        | Gained mutation: Your natural rate of healing is unusually
                  | fast. [Vine Stalker growth]
    46 | D        | Reached XP level 4. HP: 21/23 MP: 5/5
    50 | D        | HP: 1/23 [centaur (5)]
    60 | D        | HP: 1/23 [centaur (2)]
    60 | D        | Slain by a centaur

Vault maps used:
D:        linesprint

Skill      XL: |  1  2  3 |
---------------+----------+-----
Throwing       | 4 6 |  6.7
Dodging        | 2 |  2.5
Fighting       | 2 |  2.4
Short Blades   | 1 2 |  2.0
Armour         | |  0.5
Stealth        | |  1.3

Action                   |  1- 3 |  4- 6 || total
-------------------------+-------+-------++-------
Melee: Short sword       |    33 |    13 ||    46
       Bite              |     8 |     8 ||    16
  Use: Potion            |     1 |       ||     1
Armor: Leather armour    |    13 |     1 ||    14
Dodge: Dodged            |    21 |    19 ||    40

Table legend:
 A = Non-vault XP
 B = Vault XP
 C = Vault XP percentage of total XP
 D = Non-vault monster count
 E = Vault monster count
 F = Vault count percentage of total count
                 A         B        C        D         E       F
            +---------+---------+-------+---------+---------+-------
      Total |       0 |      87 | 100.0 |       0 |       9 | 100.0
            +---------+---------+-------+---------+---------+-------
          D |       0 |      87 | 100.0 |       0 |       9 | 100.0
            +---------+---------+-------+---------+---------+-------
